 Dungeon Crawl Stone Soup version 0.20-a0-514-g839ffe0 (webtiles) character file.

881 FrankyJ the Ducker (level 8, -4/63 HPs)
             Began as a Barachian Fighter on Jan 24, 2017.
             Was a Follower of Cheibriados.
             Slain by a black bear (6 damage)
             ... on level 5 of the Dungeon.
             The game lasted 00:15:01 (6177 turns).

FrankyJ the Ducker (Barachian Fighter)              Turns: 6177, Time: 00:15:03

Health: -4/63      AC:  8    Str: 18    XL:     8   Next: 5%
Magic:  18/18      EV: 13    Int:  9    God:    Cheibriados [*.....]
Gold:   186        SH: 13    Dex: 15    Spells: 7/7 levels left

rFire    . . .     SeeInvis .   a - +0 long sword
rCold    + . .     Gourm    .   o - +2 animal skin
rNeg     . . .     Faith    .   c - +0 shield
rPois    .         Spirit   .   p - +2 helmet
rElec    .         Reflect  +   v - +0 cloak
rCorr    .         Harm     .   (no gloves)
MR       .....                  (no boots)
Stlth    +.........             j - +4 amulet of reflection
Regen    0.2/turn               E - ring of protection from cold
                                i - ring of magical power (curse)

@: can't hop, very slow
A: swims, slowness 1, strong legs 1
a: Hop, Bend Time, Renounce Religion


You were on level 5 of the Dungeon.
You worshipped Cheibriados.
Cheibriados was aware of your devotion.
You were not hungry.

You visited 2 branches of the dungeon, and saw 7 of its levels.

You collected 241 gold pieces.
You spent 55 gold pieces at shops.

Inventory:

Hand Weapons
 a - a +0 long sword (weapon)
 B - a +3 trident
Armour
 b - a +0 scale mail
 c - a +0 shield (worn)
 d - a +1 hat
 o - a +2 animal skin (worn)
 p - a +2 helmet (worn)
 v - a +0 cloak (worn)
Jewellery
 i - a cursed ring of magical power (left hand)
 j - a +4 amulet of reflection (around neck)
 y - an uncursed amulet of guardian spirit
 E - a ring of protection from cold (right hand)
Wands
 F - a wand of confusion (19/48)
 G - a wand of iceblast (5/15)
 H - a wand of random effects (32/48)
Scrolls
 e - 2 scrolls of identify
 l - 5 scrolls of remove curse {unknown}
 m - a scroll of blinking {unknown}
 n - 3 scrolls of immolation {unknown}
 r - 2 scrolls of amnesia {unknown}
 t - a scroll of noise {unknown}
 u - a scroll of magic mapping {unknown}
 C - a scroll of fear {unknown}
Potions
 g - 2 potions of flight
 h - a potion of curing
 s - a potion of cancellation
 w - a potion of agility {unknown}
 x - a potion of degeneration {unknown}
 z - a potion of berserk rage {unknown}
 A - a potion of mutation {unknown}
Comestibles
 f - 5 bread rations
 k - 3 meat rations
 q - a royal jelly
 D - 4 fruits
 I - 2 chunks of flesh


   Skills:
 + Level 5.4 Fighting
 + Level 5.0 Long Blades
 + Level 3.7 Armour
 + Level 5.6 Dodging
 + Level 3.5 Shields
 + Level 1.9 Invocations


You had 7 spell levels left.
You didn't know any spells.

Dungeon Overview and Level Annotations

Branches:
Dungeon (6/15)             Temple (1/1) D:4

Altars:
Ashenzari
Cheibriados
Dithmenos
Elyvilon
Fedhas
Gozag
Hepliaklqana
Kikubaaqudgha
Makhleb
Nemelex Xobeh
Okawaru
Qazlal
Ru
Sif Muna
Trog
Uskayaw
Vehumet
Xom
Yredelemnul
Zin
The Shining One

Shops:
D:4 !

Annotations:
D:4 HallandMoats's ghost, amateur FoFi


Innate Abilities, Weirdness & Mutations

You can swim through water.
You cover ground slowly.
You can hop short distances.


Message History

The black bear bites you.
* * * LOW HITPOINT WARNING * * *
The black bear claws you.
* * * LOW HITPOINT WARNING * * *
The black bear claws you.
* * * LOW HITPOINT WARNING * * *
The black bear barely misses you. The black bear closely misses you.
The black bear claws you but does no damage.
The black bear barely misses you. The black bear claws you.
* * * LOW HITPOINT WARNING * * *
You block the black bear's attack. The black bear bites you.
* * * LOW HITPOINT WARNING * * *
You block the black bear's attack. x2
You barely miss the black bear.
The black bear is almost dead.
The black bear bites you.
* * * LOW HITPOINT WARNING * * *
The black bear claws you but does no damage.
The black bear claws you.
You die...

###### ### ### #....#
##.#######.####.##.###
#...h@..........##....
##.#######.####.######
#.# #.# #....... #.#
#.# ######## #[# #.#
#># #.# #[# #.# #.#
#.# #.# #<#


You could see a black bear (berserk).

Vanquished Creatures
  Menkaure (D:4)
  A centaur (D:5)
  Blork the orc (D:5)
  A crimson imp (D:5)
  A quasit (D:5)
  3 hounds
  3 orc priests
  4 orc wizards
  A worker ant (D:4)
  Robin (D:2)
  9 adders
  2 oozes (D:3)
  3 adder skeletons
  A dart slug (D:3)
  4 leopard geckos
  18 orcs
  3 ball pythons
  8 bats
  7 giant cockroaches
  17 goblins
  17 hobgoblins
  2 quokkas
  6 frilled lizards
  2 kobolds
  6 rats
122 creatures vanquished.

Notes
Turn   | Place    | Note
-------+----------+-------------------------------------------
     0 | D:1      | FrankyJ the Barachian Fighter began the quest for the Orb.
     0 | D:1      | Reached XP level 1. HP: 18/18 MP: 1/1
    50 | D:1      | Reached skill level 1 in Dodging
   248 | D:1      | Reached XP level 2. HP: 24/24 MP: 2/2
  1023 | D:2      | Noticed Robin
  1032 | D:2      | Reached XP level 3. HP: 26/29 MP: 3/3
  1245 | D:2      | Killed Robin
  1306 | D:2      | Reached XP level 4. HP: 31/35 MP: 4/4
  1987 | D:2      | You fall through a shaft!
  2041 | D:3      | Reached XP level 5. HP: 37/41 MP: 5/5
  2299 | D:3      | Reached skill level 5 in Dodging
  2383 | D:3      | Found a sacrificial altar of Ru.
  2602 | D:3      | Reached XP level 6. HP: 16/48 MP: 6/6
  3321 | D:4      | Found a staircase to the Ecumenical Temple.
  3331 | Temple   | Entered the Ecumenical Temple
  3426 | Temple   | Became a worshipper of Cheibriados the Contemplative
  3588 | D:4      | Noticed HallandMoats's ghost (amateur FoFi)
  4427 | D:4      | Found Arazxis's Distillery.
  4467 | D:5      | Entered Level 5 of the Dungeon
  4885 | D:4      | Bought a potion of heal wounds for 55 gold pieces
  4924 | D:4      | Noticed Menkaure
  4935 | D:4      | Killed Menkaure
  4935 | D:4      | Reached skill level 5 in Fighting
  4935 | D:4      | Reached XP level 7. HP: 28/56 MP: 7/7
  5259 | D:4      | Reached * piety under Cheibriados
  5535 | D:5      | Found a shattered altar of Ashenzari.
  5578 | D:5      | Noticed Blork the orc
  5589 | D:5      | Killed Blork the orc
  5589 | D:5      | Reached skill level 1 in Invocations
  6056 | D:5      | Reached skill level 5 in Long Blades
  6056 | D:5      | Reached XP level 8. HP: 43/63 MP: 9/9
  6177 | D:5      | HP: 2/63 [black bear (5)]
  6177 | D:5      | Slain by a black bear

Vault maps used:
D:1:      kennysheep_arrival_forest
D:2:      first_bread, minmay_tetromino_o4, uniq_robin
D:3:      hangedman_ru_absence
D:4:      minmay_temple_entry_statues_fountains, serial_shops,
          nicolae_shop_trees, uniq_menkaure
D:5:      nicolae_ashenzari_panopticon, uniq_blork_the_orc
Temple:   grunt_wide_crystal_templ

Skill      XL: |  1  2  3  4  5  6  7 |
---------------+----------------------+-----
Dodging        | 1 2 3 4 5 |  5.6
Fighting       | 5 |  5.4
Long Blades    | 4 5 |  5.0
Invocations    | 1 |  1.9
Armour         | |  3.7
Shields        | |  3.5

Action                   |  1- 3 |  4- 6 |  7- 9 || total
-------------------------+-------+-------+-------++-------
Melee: Long sword        |   108 |   262 |   111 ||   481
 Abil: Hop               |       |     1 |     1 ||     2
  Use: Scroll            |     1 |     2 |     3 ||     6
       Potion            |       |     3 |       ||     3
 Stab: Sleeping          |       |     1 |       ||     1
       Distracted        |       |     1 |       ||     1
  Eat: Chunk             |     2 |     8 |     4 ||    14
       Meat ration       |       |     1 |       ||     1
Armor: Scale mail        |    42 |       |       ||    42
       Animal skin       |     5 |    95 |    53 ||   153
Dodge: Dodged            |    37 |   169 |    87 ||   293
Block: Shield            |    53 |   133 |    87 ||   273
       Rpst.: Long sword |    17 |    47 |    17 ||    81
